[Event "ICC tourney 2376 (15 3)"]
[Site "Internet Chess Club"]
[Date "2021.02.06"]
[Round "4"]
[White "Aurex"]
[Black "SamPozen"]
[Result "0-1"]
[ICCResult "White checkmated"]
[WhiteElo "583"]
[BlackElo "1293"]
[Opening "Sicilian"]
[ECO "B50"]
[NIC "SI.01"]
[Time "15:15:35"]
[PlyCount "112"]
[TimeControl "900+3"]

1. e4 c5 2. Nf3 d6 3. Nc3 Nc6 4. Bb5 Bd7 5. O-O a6 6. Ba4 b5 7. Nxb5 axb5
8. Bxb5 Nf6 9. Re1 e6 10. b3 Be7 11. Bd3 O-O 12. c4 d5 13. exd5 exd5 14.
cxd5 Nxd5 15. Bc4 Nb6 16. Qe2 Nxc4 17. bxc4 Re8 18. Bb2 Bf6 19. Bxf6 Qxf6
20. Qf1 Bg4 21. Rxe8+ Rxe8 22. Re1 Rxe1 23. Qxe1 Qe6 24. Qb1 Qxc4 25. Ne5
Qe6 26. Nxc6 Qxc6 27. h3 Be6 28. f4 g6 29. Qb8+ Qc8 30. Qe5 Bxa2 31. g4 Qd7
32. f5 Qd4+ 33. Qxd4 cxd4 34. Kf1 gxf5 35. gxf5 Kg7 36. Kf2 Kf6 37. Ke2
Kxf5 38. Kd3 Kf4 39. Kxd4 Kg3 40. Kc5 Kxh3 41. d4 f5 42. d5 Bxd5 43. Kxd5
Kg3 44. Ke5 f4 45. Ke4 f3 46. Ke3 Kg2 47. Kd4 f2 48. Ke4 f1=Q 49. Kd5 h5
50. Kd4 h4 51. Ke4 h3 52. Ke5 h2 53. Kd5 h1=Q 54. Kd4 Qf4+ 55. Kd5 Qd1+ 56.
Ke6 Qdd6# { White checkmated } 0-1

[Event "ICC tourney 2376 (15 3)"]
[Site "Internet Chess Club"]
[Date "2021.02.06"]
[Round "4"]
[White "iHasSkill"]
[Black "mshr06"]
[Result "0-1"]
[ICCResult "White checkmated"]
[WhiteElo "1197"]
[BlackElo "926"]
[Opening "QGD Slav: 4.Nc3"]
[ECO "D15"]
[NIC "SL.03"]
[Time "15:15:28"]
[PlyCount "80"]
[TimeControl "900+3"]

1. d4 d5 2. c4 c6 3. Nf3 Nf6 4. Nc3 Bf5 5. e3 e6 6. Qb3 Qc7 7. cxd5 cxd5 8.
Nb5 Qc8 9. Ne5 Nbd7 10. Nc3 Bd6 11. Nxd7 Qxd7 12. Bb5 O-O 13. Bxd7 Nxd7 14.
Nb5 Be7 15. O-O Rac8 16. Nxa7 Bc2 17. Qb5 Rc7 18. Qe2 Ra8 19. Nb5 Rcc8 20.
Bd2 Nb6 21. b3 Be4 22. f3 Bc2 23. Rac1 Rxa2 24. Bc3 Bxb3 25. Qe1 Bc4 26.
Rf2 Raa8 27. Ba5 Nd7 28. Nc7 Rab8 29. Rb2 Ba3 30. Rxc4 Bxb2 31. Rc2 b6 32.
Rxb2 Rxc7 33. Bb4 Rbc8 34. Rb1 Rc2 35. Bd2 e5 36. dxe5 Nxe5 37. Rc1 Nd3 38.
Qh4 Rxc1+ 39. Bxc1 Rxc1+ 40. Qe1 Rxe1# { White checkmated } 0-1

[Event "ICC tourney 2376 (15 3)"]
[Site "Internet Chess Club"]
[Date "2021.02.06"]
[Round "4"]
[White "drippy"]
[Black "cxusanderson"]
[Result "0-1"]
[ICCResult "White checkmated"]
[WhiteElo "786"]
[BlackElo "1197"]
[Opening "Queen's bishop game"]
[ECO "D00"]
[NIC "QP.08"]
[Time "15:15:34"]
[PlyCount "142"]
[TimeControl "900+3"]

1. d4 d5 2. Bf4 Nf6 3. Nf3 Bf5 4. e3 e6 5. Nc3 Be7 6. Ne5 O-O 7. Bd3 Nbd7
8. Bxf5 exf5 9. O-O Nxe5 10. Bxe5 Ne4 11. Nb5 c6 12. Nc7 Rc8 13. f3 Nd6 14.
Qd3 Qxc7 15. Bxd6 Bxd6 16. f4 Qd7 17. c3 b6 18. b4 Rfe8 19. Rfe1 Re7 20.
Qa6 Rce8 21. Qd3 Re6 22. Qxf5 Qe7 23. Qh3 Rxe3 24. Rxe3 Qxe3+ 25. Qxe3 Rxe3
26. Kf2 Bxf4 27. g3 Bh6 28. Re1 Rxe1 29. Kxe1 Kf8 30. Kf2 Ke7 31. Kf3 Kf6
32. Kg4 g6 33. h4 g5 34. hxg5+ Bxg5 35. Kf3 h6 36. Ke2 Kf5 37. Kf2 Kg4 38.
Kg2 h5 39. Kh2 h4 40. gxh4 Bxh4 41. Kg2 f5 42. Kf1 Kf3 43. a4 Ke3 44. Kg2
f4 45. Kf1 Kd3 46. Kg2 Bg3 47. Kf3 Kxc3 48. Ke2 Kxd4 49. Kd2 Kc4 50. Ke2
Kxb4 51. Kf3 Kxa4 52. Ke2 Kb4 53. Kd1 Kb3 54. Kc1 d4 55. Kd2 Kb2 56. Kd1 a5
57. Kd2 a4 58. Kd1 a3 59. Kd2 a2 60. Kd3 a1=Q 61. Kxd4 Kb3+ 62. Kd3 c5 63.
Ke4 c4 64. Kf5 c3 65. Kg4 c2 66. Kf3 c1=Q 67. Ke4 Qc4+ 68. Kf3 Qac3+ 69.
Kg4 Qg8+ 70. Kh3 Bf2+ 71. Kh2 Qch8# { White checkmated } 0-1

[Event "ICC tourney 2376 (15 3)"]
[Site "Internet Chess Club"]
[Date "2021.02.06"]
[Round "4"]
[White "greasyaluminum"]
[Black "sherwinrasekh"]
[Result "1-0"]
[ICCResult "Black resigns"]
[WhiteElo "1364"]
[BlackElo "1103"]
[Opening "Caro-Kann: exchange variation"]
[ECO "B13"]
[NIC "CK.02"]
[Time "15:15:26"]
[PlyCount "65"]
[TimeControl "900+3"]

1. e4 c6 2. d4 d5 3. exd5 cxd5 4. Nf3 Nc6 5. c3 Bg4 6. Be2 Nf6 7. h3 Bh5 8.
Nbd2 e6 9. Ne5 Bxe2 10. Qxe2 Nxe5 11. dxe5 Nd7 12. O-O Qb6 13. Nb3 Bc5 14.
Nxc5 Qxc5 15. Be3 Qc7 16. f4 Nc5 17. Qb5+ Nd7 18. Rae1 Qc6 19. Qe2 O-O 20.
Bd4 Nc5 21. Bxc5 Qxc5+ 22. Kh1 b6 23. f5 d4 24. f6 dxc3 25. Qg4 g6 26. bxc3
Rfd8 27. Qf4 Kf8 28. Qh6+ Ke8 29. Qxh7 Qxc3 30. Qg8+ Kd7 31. Qxf7+ Kc8 32.
Rc1 Qxc1 33. Rxc1+ { Black resigns } 1-0

[Event "ICC tourney 2376 (15 3)"]
[Site "Internet Chess Club"]
[Date "2021.02.06"]
[Round "4"]
[White "TheInterMitten"]
[Black "SalvadorGabriel"]
[Result "1/2-1/2"]
[ICCResult "Black stalemated"]
[WhiteElo "188"]
[BlackElo "772"]
[Opening "two knights defense: Fegatello attack"]
[ECO "C57"]
[NIC "KP.01"]
[Time "15:15:23"]
[PlyCount "85"]
[TimeControl "900+3"]

1. e4 e5 2. Nf3 Nc6 3. Bc4 Nf6 4. Ng5 d5 5. exd5 Nxd5 6. Nxf7 Qd7 7. Nxh8
b6 8. Qf3 Ncb4 9. Bb3 Bb7 10. a3 Na6 11. Nc3 c6 12. Nxd5 cxd5 13. O-O O-O-O
14. Nf7 d4 15. Qd3 Nc5 16. Qc4 Bd5 17. Qxd5 Qxd5 18. Bxd5 Rxd5 19. Re1 e4
20. b4 Na4 21. d3 Rf5 22. Rxe4 Rxf7 23. Rxd4 Nc3 24. Rc4+ Rc7 25. Rxc7+
Kxc7 26. Kf1 g5 27. Bxg5 h5 28. Bf6 Nd5 29. Be5+ Kd7 30. c4 Nc3 31. Bxc3 h4
32. g3 h3 33. c5 b5 34. a4 a6 35. axb5 axb5 36. Ra7+ Ke6 37. Rh7 Bh6 38.
Rxh6+ Kd5 39. Rxh3 Ke6 40. Rh7 Kf5 41. h4 Kg6 42. Rg7+ Kh6 43. g4 { Black
stalemated } 1/2-1/2

[Event "ICC tourney 2376 (15 3)"]
[Site "Internet Chess Club"]
[Date "2021.02.06"]
[Round "4"]
[White "dpanoop"]
[Black "mfranks2021"]
[Result "1-0"]
[ICCResult "Black checkmated"]
[WhiteElo "792"]
[BlackElo "310"]
[Opening "Scotch opening"]
[ECO "C44"]
[NIC "KP.10"]
[Time "15:15:34"]
[PlyCount "43"]
[TimeControl "900+3"]

1. e4 e5 2. Nf3 Nc6 3. d4 Nf6 4. dxe5 Nh5 5. Nc3 Bb4 6. g4 O-O 7. gxh5 d5
8. exd5 Bg4 9. Be2 Nxe5 10. Nxe5 Be7 11. Bxg4 Bh4 12. Be3 Qf6 13. Nd7 Qa6
14. Nxf8 Re8 15. Qd2 c6 16. O-O-O cxd5 17. Nxd5 Rxf8 18. a3 Rc8 19. Nb4 Qa4
20. Bg5 Rc7 21. Qd8+ Qe8 22. Qxe8# { Black checkmated } 1-0

[Event "ICC tourney 2376 (15 3)"]
[Site "Internet Chess Club"]
[Date "2021.02.06"]
[Round "4"]
[White "Kinkajou2"]
[Black "sanyamsho"]
[Result "1/2-1/2"]
[ICCResult "Black stalemated"]
[WhiteElo "293"]
[BlackElo "858"]
[Opening "Mieses opening"]
[ECO "A00"]
[NIC "VO.13"]
[Time "15:15:40"]
[PlyCount "135"]
[TimeControl "900+3"]

1. d3 e5 2. Nf3 Nc6 3. Nc3 Nf6 4. Bg5 Bb4 5. Bd2 O-O 6. e4 d6 7. Be2 Qd7 8.
O-O b6 9. a3 Bc5 10. Nd5 Nxd5 11. exd5 Nd4 12. Nxd4 exd4 13. Bg4 Qb5 14. b3
Bxg4 15. Qxg4 a5 16. a4 Qe8 17. Rfe1 Qc8 18. Qg3 Re8 19. c3 Rxe1+ 20. Bxe1
dxc3 21. Bxc3 g6 22. d4 Bb4 23. Bxb4 axb4 24. Re1 c5 25. Rc1 Qf5 26. Qxd6
cxd4 27. Qc6 Rc8 28. Qxc8+ Qxc8 29. Rxc8+ Kg7 30. Rb8 Kf6 31. Rxb6+ Ke5 32.
Rb5 Ke4 33. Rxb4 Kxd5 34. Rc4 Ke4 35. Kf1 f5 36. f3+ Ke3 37. Ke1 Kd3 38.
Rc1 Ke3 39. Rc7 d3 40. Kd1 Kf2 41. Rxh7 Kxg2 42. Rd7 Kxh2 43. Rxd3 Kg3 44.
Rd6 g5 45. Rg6 Kf4 46. b4 Ke5 47. Rxg5 Kf6 48. Rxf5+ Kxf5 49. Kc2 Kf4 50.
Kb3 Kxf3 51. b5 Ke4 52. Kb4 Kd5 53. a5 Kd6 54. b6 Kc6 55. b7 Kxb7 56. Kb5
Ka7 57. a6 Kb8 58. Kb6 Ka8 59. Ka5 Kb8 60. Kb6 Ka8 61. Kc6 Kb8 62. Kb6 Ka8
63. Kb5 Kb8 64. Kc6 Ka7 65. Kb5 Ka8 66. Kb6 Kb8 67. a7+ Ka8 68. Ka6 { Black
stalemated } 1/2-1/2

[Event "ICC tourney 2376 (15 3)"]
[Site "Internet Chess Club"]
[Date "2021.02.06"]
[Round "4"]
[White "Chess-knight"]
[Black "RhysWiers"]
[Result "1-0"]
[ICCResult "Black checkmated"]
[WhiteElo "876"]
[BlackElo "212"]
[Opening "King's knight opening"]
[ECO "C40"]
[NIC "KP.10"]
[Time "15:15:24"]
[PlyCount "69"]
[TimeControl "900+3"]

1. e4 e5 2. Nf3 Bc5 3. Bc4 Nf6 4. Nxe5 Qe7 5. Nf3 Nxe4 6. O-O O-O 7. d4 Bd6
8. Re1 c5 9. Ng5 h6 10. Nxe4 Qh4 11. Nxd6 Nc6 12. Nxc8 Raxc8 13. Be3 Na5
14. Nd2 Nxc4 15. Nxc4 f5 16. Nd6 Rc6 17. dxc5 f4 18. Qd5+ Kh7 19. Qe4+ g6
20. Bd4 b6 21. Ne8 bxc5 22. Qe7+ Qxe7 23. Rxe7+ Kg8 24. Rg7+ Kh8 25. Rxg6+
Kh7 26. Rxc6 h5 27. Nf6+ Kg7 28. Nxd7+ cxd4 29. Nxf8 Kxf8 30. Rd1 d3 31.
Rxd3 Ke7 32. Rc7+ Ke6 33. Rxa7 Ke5 34. Ra5+ Ke4 35. f3# { Black checkmated
} 1-0

[Event "ICC tourney 2376 (15 3)"]
[Site "Internet Chess Club"]
[Date "2021.02.06"]
[Round "4"]
[White "mewto12345"]
[Black "jhong3"]
[Result "1-0"]
[ICCResult "Black checkmated"]
[WhiteElo "1337"]
[BlackElo "1071"]
[Opening "Queen's Pawn"]
[ECO "A41"]
[NIC "QO.17"]
[Time "15:15:29"]
[PlyCount "71"]
[TimeControl "900+3"]

1. d4 d6 2. Nf3 Nf6 3. Bf4 g6 4. e3 Bg7 5. Bd3 O-O 6. h3 Nc6 7. O-O Nb4 8.
Bc4 Bf5 9. Na3 Nc6 10. Bd3 Bxd3 11. Qxd3 Qd7 12. Qb5 a6 13. Qd3 b5 14. c4
bxc4 15. Nxc4 a5 16. Rac1 Nb4 17. Qb3 Rfb8 18. a3 Nbd5 19. Qc2 Nxf4 20.
exf4 a4 21. Ne3 Rb3 22. Qxc7 Rxb2 23. Qxd7 Nxd7 24. Rc7 Rd8 25. Ra1 Rbb8
26. Rac1 h5 27. Nd5 Kf8 28. Ra7 Rb3 29. Rxa4 Nb6 30. Nxb6 Rxb6 31. Rc7 Rb1+
32. Kh2 Ke8 33. Raa7 Rb2 34. Rxe7+ Kf8 35. Rxf7+ Ke8 36. Rae7# { Black
checkmated } 1-0

[Event "ICC tourney 2376 (15 3)"]
[Site "Internet Chess Club"]
[Date "2021.02.06"]
[Round "4"]
[White "anthonyiek"]
[Black "mvarshney"]
[Result "1-0"]
[ICCResult "Black checkmated"]
[WhiteElo "1130"]
[BlackElo "503"]
[Opening "Scotch opening"]
[ECO "C44"]
[NIC "KP.10"]
[Time "15:15:40"]
[PlyCount "87"]
[TimeControl "900+3"]

1. e4 e5 2. Nf3 Nc6 3. d4 Nf6 4. dxe5 Nxe4 5. Bc4 Bb4+ 6. c3 Bc5 7. Bg5
Nxg5 8. Nxg5 Qxg5 9. Qd5 b6 10. Qxf7+ Kd8 11. O-O Nxe5 12. Qd5 Qf4 13. Qxa8
Nxc4 14. Qd5 Bd6 15. g3 Qf8 16. Qxc4 Bb7 17. Nd2 Qe7 18. Rae1 Qg5 19. Ne4
Qe7 20. Nc5 Ba8 21. Rxe7 Bxe7 22. Nb3 Re8 23. Rd1 Bf6 24. Qa4 d6 25. Qxa7
Kd7 26. c4 Bxb2 27. c5 Kd8 28. Qxa8+ Kd7 29. c6+ Ke7 30. Re1+ Kf7 31. Qxe8+
Kf6 32. Qe6+ Kg5 33. f4+ Kh5 34. h3 g5 35. Qg4+ Kg6 36. Qxg5+ Kf7 37. Re7+
Kf8 38. Qg7+ Bxg7 39. Rxc7 Bf6 40. Rc8+ Ke7 41. c7 Kd7 42. Rf8 Bc3 43.
c8=Q+ Ke7 44. Qe8# { Black checkmated } 1-0

[Event "ICC tourney 2376 (15 3)"]
[Site "Internet Chess Club"]
[Date "2021.02.06"]
[Round "4"]
[White "ryc2009"]
[Black "NikitaR"]
[Result "0-1"]
[ICCResult "White checkmated"]
[WhiteElo "659"]
[BlackElo "166"]
[Opening "Four knights game"]
[ECO "C47"]
[NIC "KP.06"]
[Time "15:15:32"]
[PlyCount "64"]
[TimeControl "900+3"]

1. e4 e5 2. Nf3 Nc6 3. Nc3 Nf6 4. d3 Bb4 5. Bg5 Bxc3+ 6. bxc3 h6 7. Bh4 d6
8. h3 O-O 9. Be2 g5 10. Bg3 Nh5 11. Bh2 Nf4 12. Bxf4 exf4 13. O-O f5 14.
exf5 Bxf5 15. d4 d5 16. Rb1 Kg7 17. c4 b6 18. cxd5 Qxd5 19. Rb5 Qxa2 20. d5
a6 21. Rb1 Bxc2 22. Qd2 Bxb1 23. dxc6 Qxd2 24. Nxd2 Bf5 25. Bh5 Bg6 26.
Bxg6 Kxg6 27. Ne4 Rae8 28. f3 Re6 29. Nf6 Rfxf6 30. Re1 Rxe1+ 31. Kf2 Rfe6
32. h4 R6e2# { White checkmated } 0-1

[Event "ICC tourney 2376 (15 3)"]
[Site "Internet Chess Club"]
[Date "2021.02.06"]
[Round "4"]
[White "GLatham"]
[Black "Switchbored"]
[Result "1-0"]
[ICCResult "Black checkmated"]
[WhiteElo "440"]
[BlackElo "913"]
[Opening "Queen's pawn, Mason variation"]
[ECO "D00"]
[NIC "QP.08"]
[Time "15:15:32"]
[PlyCount "53"]
[TimeControl "900+3"]

1. d4 d5 2. Bf4 Nf6 3. e3 Bd7 4. c3 e6 5. Nf3 Nc6 6. Bd3 Be7 7. Nbd2 h6 8.
Ne5 Nxe5 9. Bxe5 c5 10. Qc2 cxd4 11. exd4 a6 12. b3 Bc6 13. Nf3 Bd6 14. O-O
Bxe5 15. Nxe5 Qe7 16. f4 Ne4 17. Rae1 O-O-O 18. Nxc6 bxc6 19. Bxe4 dxe4 20.
Qxe4 Qc7 21. f5 exf5 22. Qxf5+ Kb8 23. Qxf7 Qa5 24. Re7 Qb5 25. c4 Qb4 26.
Ra7 Rhf8 27. Qc7# { Black checkmated } 1-0

[Event "ICC tourney 2376 (15 3)"]
[Site "Internet Chess Club"]
[Date "2021.02.06"]
[Round "4"]
[White "coderboy123"]
[Black "BotanicalKnight"]
[Result "0-1"]
[ICCResult "White resigns"]
[WhiteElo "1241"]
[BlackElo "1399"]
[Opening "Dutch defense"]
[ECO "A40"]
[NIC "QO.17"]
[Time "15:15:26"]
[PlyCount "51"]
[TimeControl "900+3"]

1. d4 e6 2. c4 f5 3. Nf3 d5 4. Nc3 Nf6 5. Bf4 c6 6. e3 Be7 7. Bd3 O-O 8.
O-O Ne4 9. Bxe4 fxe4 10. Nd2 Nd7 11. cxd5 exd5 12. Ne2 g5 13. Bg3 Nf6 14.
Be5 Bd6 15. Bxf6 Rxf6 16. Ng3 g4 17. Qe1 h5 18. f3 h4 19. Ne2 gxf3 20. gxf3
Bh3 21. Qxh4 Rg6+ 22. Qg3 Bxg3 23. Nxg3 Bxf1 24. Rxf1 exf3 25. Rxf3 Qa5 26.
Nf1 { White resigns } 0-1

[Event "ICC tourney 2376 (15 3)"]
[Site "Internet Chess Club"]
[Date "2021.02.06"]
[Round "4"]
[White "dakshchamp"]
[Black "gpost0601"]
[Result "1-0"]
[ICCResult "Black resigns"]
[WhiteElo "353"]
[BlackElo "662"]
[Opening "Ruy Lopez: four knights (Tarrasch) variation"]
[ECO "C77"]
[NIC "RL.12"]
[Time "15:15:33"]
[PlyCount "117"]
[TimeControl "900+3"]

1. e4 e5 2. Nf3 Nc6 3. Bb5 a6 4. Ba4 Nf6 5. Nc3 Bc5 6. d3 d5 7. Bg5 d4 8.
Nd5 h6 9. Bxf6 gxf6 10. g3 O-O 11. O-O Bg4 12. Kg2 h5 13. Qe2 Qd7 14. h3
Bxf3+ 15. Qxf3 f5 16. Qxh5 fxe4 17. dxe4 b5 18. Nf6+ Kg7 19. Nxd7 Rh8 20.
Qg5+ Kh7 21. Nxc5 bxa4 22. Nxa4 Rab8 23. Qf5+ Kg7 24. b3 Rbe8 25. Qd7 Nb8
26. Qxc7 Rc8 27. Qxe5+ Kh7 28. Qxd4 f6 29. Qxf6 Kg8 30. Qe6+ Kg7 31. Nb6
Rce8 32. Qd7+ Nxd7 33. Nxd7 Rxe4 34. Nc5 Re2 35. Rac1 a5 36. c4 Rxa2 37.
Rce1 Rc8 38. Re7+ Kf6 39. Rb7 Ra8 40. Rb6+ Ke5 41. Nd3+ Kd4 42. Rd6+ Kc3
43. Nc5 Kb4 44. Rd5 Rb2 45. h4 Rxb3 46. Nxb3 Kxb3 47. c5 Kc4 48. Rf5 a4 49.
Ra1 Kd4 50. h5 Ke4 51. Rg5 Kd3 52. h6 Kc2 53. Rh5 Kb2 54. Rxa4 Rxa4 55. h7
Rc4 56. h8=Q+ Kb3 57. Qc8 Kb4 58. c6 Kc3 59. c7 { Black resigns } 1-0

[Event "ICC tourney 2376 (15 3)"]
[Site "Internet Chess Club"]
[Date "2021.02.06"]
[Round "4"]
[White "Roy123"]
[Black "jrcrawford512"]
[Result "0-1"]
[ICCResult "White checkmated"]
[WhiteElo "919"]
[BlackElo "1219"]
[Opening "Nimzo-Indian defense"]
[ECO "E20"]
[NIC "NI.30"]
[Time "15:15:26"]
[PlyCount "70"]
[TimeControl "900+3"]

1. d4 Nf6 2. c4 e6 3. Nc3 Bb4 4. Bf4 Bxc3+ 5. bxc3 d6 6. Nf3 b6 7. e3 O-O
8. Bd3 h6 9. O-O Bb7 10. Rb1 Nbd7 11. Re1 Qe7 12. e4 e5 13. dxe5 dxe5 14.
Bg3 Rad8 15. Qc1 Nc5 16. Be2 Bxe4 17. Rb5 a6 18. Rb4 Nfd7 19. Bh4 Nf6 20.
Bd1 Bxf3 21. Bxf3 Nd3 22. Qb1 Nxe1 23. Qxe1 Qe6 24. Bd5 Nxd5 25. Bxd8 Nxb4
26. cxb4 Rxd8 27. Qe2 f6 28. h3 Rd4 29. b5 Qxc4 30. Qh5 Qc1+ 31. Kh2 Qf4+
32. g3 Qxf2+ 33. Kh1 Rd2 34. Qe8+ Kh7 35. g4 Qe1# { White checkmated } 0-1

[Event "ICC tourney 2376 (15 3)"]
[Site "Internet Chess Club"]
[Date "2021.02.06"]
[Round "4"]
[White "ThatOneGuyNick"]
[Black "AchyutE"]
[Result "1-0"]
[ICCResult "Black checkmated"]
[WhiteElo "1121"]
[BlackElo "474"]
[Opening "Queen's pawn game, Chigorin variation"]
[ECO "D02"]
[NIC "QP.08"]
[Time "15:15:31"]
[PlyCount "141"]
[TimeControl "900+3"]

1. d4 d5 2. Nf3 Nc6 3. Bf4 Nf6 4. e3 Bf5 5. Nc3 Nb4 6. Bd3 Bxd3 7. cxd3 e6
8. Nb5 Bd6 9. Nxd6+ cxd6 10. a3 Nc6 11. Rc1 O-O 12. O-O Rc8 13. Re1 Nh5 14.
Bg3 Nxg3 15. hxg3 e5 16. dxe5 dxe5 17. e4 dxe4 18. Rxe4 f6 19. Rec4 Qb6 20.
b4 Rfd8 21. R1c3 Ne7 22. Rxc8 Rxc8 23. Rxc8+ Nxc8 24. Qb3+ Kh8 25. Qf7 Qd8
26. Qxb7 Qg8 27. Kf1 h6 28. Ke2 Kh7 29. Ke3 Qd8 30. Nh4 Qd4+ 31. Kf3 Qxd3+
32. Kg4 Qc4+ 33. Kh3 Qe6+ 34. Kh2 Qe8 35. Qe4+ g6 36. Qb7+ Kg8 37. Nxg6
Qxg6 38. Qxc8+ Kg7 39. Qd7+ Qf7 40. Qxf7+ Kxf7 41. g4 Kg6 42. Kg3 f5 43. a4
fxg4 44. Kxg4 h5+ 45. Kf3 Kg5 46. b5 Kf6 47. Ke4 Ke6 48. a5 Kd7 49. b6 axb6
50. axb6 Kc8 51. Kxe5 Kb7 52. f4 Kxb6 53. f5 Kc7 54. Ke6 Kd8 55. Kf7 h4 56.
Kg7 Ke8 57. f6 h3 58. gxh3 Kd8 59. f7 Ke7 60. f8=Q+ Ke6 61. h4 Ke5 62. h5
Ke4 63. h6 Ke3 64. h7 Ke2 65. h8=Q Ke1 66. Qh6 Ke2 67. Qe6+ Kd2 68. Qd8+
Kc2 69. Qc6+ Kb2 70. Qb8+ Ka2 71. Qa6# { Black checkmated } 1-0

[Event "ICC tourney 2376 (15 3)"]
[Site "Internet Chess Club"]
[Date "2021.02.06"]
[Round "4"]
[White "Barnstorm"]
[Black "ZekeMc11"]
[Result "0-1"]
[ICCResult "White checkmated"]
[WhiteElo "1233"]
[BlackElo "1044"]
[Opening "Sicilian: Alapin's variation (2.c3)"]
[ECO "B22"]
[NIC "SI.46"]
[Time "15:15:34"]
[PlyCount "64"]
[TimeControl "900+3"]

1. e4 c5 2. c3 e6 3. Nf3 d5 4. exd5 exd5 5. d4 Nf6 6. Bb5+ Bd7 7. a4 Bxb5
8. axb5 Qb6 9. O-O Qxb5 10. Re1+ Be7 11. Na3 Qb6 12. Ne5 O-O 13. Ra2 Bd6
14. Bf4 Bxe5 15. dxe5 Nfd7 16. Qxd5 Qc6 17. Qc4 Re8 18. b4 Nb6 19. Qxc5
Qxc5 20. bxc5 Nd5 21. Bd2 Nc6 22. c4 Nc7 23. Bc3 Rad8 24. Rae2 Rd3 25. Bb2
Ne6 26. Nb5 a6 27. Nd6 Rb8 28. Ra1 Nxc5 29. Ba3 Nb3 30. Rb1 Nbd4 31. Rxb7
Rd1+ 32. Re1 Rxe1# { White checkmated } 0-1

[Event "ICC tourney 2376 (15 3)"]
[Site "Internet Chess Club"]
[Date "2021.02.06"]
[Round "4"]
[White "McEntire87"]
[Black "DanilMcQuillin"]
[Result "0-1"]
[ICCResult "White resigns"]
[WhiteElo "1251"]
[BlackElo "1193"]
[Opening "King's knight's gambit"]
[ECO "C38"]
[NIC "KG.03"]
[Time "15:15:27"]
[PlyCount "48"]
[TimeControl "900+3"]

1. e4 e5 2. f4 exf4 3. Bc4 g5 4. Nf3 Bg7 5. c3 c6 6. d4 d5 7. exd5 cxd5 8.
Bb3 h6 9. O-O Nf6 10. Nbd2 O-O 11. Bc2 Nc6 12. Qe2 Re8 13. Qd3 Ne4 14. b3
Bf5 15. Re1 Nd6 16. Rxe8+ Qxe8 17. Qxf5 Nxf5 18. Bxf5 Qe3+ 19. Kh1 Ne7 20.
Ne4 Qe2 21. Ng1 Qh5 22. Nd6 Rd8 23. Ba3 Rxd6 24. Bxd6 Nxf5 { White resigns
} 0-1

[Event "ICC tourney 2376 (15 3)"]
[Site "Internet Chess Club"]
[Date "2021.02.06"]
[Round "4"]
[White "deadmemes"]
[Black "PranavNallapeta"]
[Result "1-0"]
[ICCResult "Black checkmated"]
[WhiteElo "619"]
[BlackElo "265"]
[Opening "Sicilian: Scheveningen variation"]
[ECO "B80"]
[NIC "SI.19"]
[Time "15:16:12"]
[PlyCount "57"]
[TimeControl "900+3"]

1. e4 c5 2. Nf3 d6 3. d4 cxd4 4. Nxd4 Nf6 5. Nc3 e6 6. Bd3 a6 7. O-O Be7 8.
Nf3 O-O 9. Be3 Nc6 10. h3 Bd7 11. Be2 e5 12. Bc4 Qe8 13. Qd2 b5 14. Be2 Be6
15. a3 Nd4 16. Bd1 Nc6 17. Nd5 Rd8 18. Nxe7+ Qxe7 19. Qd3 Bc4 20. Qc3 Rc8
21. Re1 d5 22. exd5 Nxd5 23. Qd2 Nxe3 24. Qxe3 a5 25. Nxe5 Nxe5 26. Qxe5
Qb7 27. c3 Rfe8 28. Qxe8+ Rxe8 29. Rxe8# { Black checkmated } 1-0

[Event "ICC tourney 2376 (15 3)"]
[Site "Internet Chess Club"]
[Date "2021.02.06"]
[Round "4"]
[White "ibiwisi"]
[Black "Rhyanma"]
[Result "0-1"]
[ICCResult "White resigns"]
[WhiteElo "1383"]
[BlackElo "1124"]
[Opening "Réti opening"]
[ECO "A04"]
[NIC "QP.11"]
[Time "15:15:29"]
[PlyCount "144"]
[TimeControl "900+3"]

1. Nf3 b6 2. g3 Bb7 3. Bg2 e6 4. d3 Nf6 5. Nbd2 Nc6 6. O-O Bc5 7. Re1 O-O
8. e3 Ne7 9. b3 Ng6 10. Bb2 Qe7 11. Qc1 a5 12. Nd4 Bxg2 13. Kxg2 a4 14. a3
d5 15. b4 Bxd4 16. Bxd4 c5 17. Bc3 cxb4 18. Bxb4 Qb7 19. Bxf8 Rxf8 20. d4
e5 21. Nf3 e4 22. Nd2 h5 23. h4 Qd7 24. Rb1 Nxh4+ 25. gxh4 Qg4+ 26. Kf1
Qxh4 27. Ke2 Qg4+ 28. f3 exf3+ 29. Nxf3 Qg2+ 30. Kd3 Qxf3 31. Rf1 Qe4+ 32.
Kd2 Qg2+ 33. Kd3 Qe4+ 34. Kd2 Qg2+ 35. Kd3 Qe4+ 36. Kc3 Rc8+ 37. Kb2 Ng4
38. Rf4 Qxe3 39. Qxe3 Nxe3 40. Rc1 Nc4+ 41. Ka2 Ne3 42. c3 g5 43. Rf3 Ng4
44. Rg3 Kg7 45. Kb2 Re8 46. Rc2 b5 47. Rcg2 f5 48. Rf3 Kg6 49. Rfg3 f4 50.
Rf3 Ne3 51. Rg1 Nc4+ 52. Kc2 Nxa3+ 53. Kd3 Kf5 54. Kd2 Nc4+ 55. Kd3 a3 56.
Rf2 Re3+ 57. Kc2 g4 58. Ra1 g3 59. Rg2 h4 60. Rh1 Kg4 61. Kb3 h3 62. Ra2 g2
63. Rxg2+ hxg2 64. Rg1 f3 65. Ra1 f2 66. Rxa3 Nxa3 67. Kxa3 Rxc3+ 68. Kb4
Rc4+ 69. Kxb5 Rxd4 70. Kc5 Rd1 71. Kd6 d4 72. Ke5 d3 { White resigns } 0-1

[Event "ICC tourney 2376 (15 3)"]
[Site "Internet Chess Club"]
[Date "2021.02.06"]
[Round "4"]
[White "e35378"]
[Black "akhilsd"]
[Result "0-1"]
[ICCResult "White resigns"]
[WhiteElo "1368"]
[BlackElo "900"]
[Opening "Giuoco Piano"]
[ECO "C54"]
[NIC "IG.02"]
[Time "15:15:21"]
[PlyCount "78"]
[TimeControl "900+3"]

1. e4 e5 2. Nf3 Nc6 3. Bc4 Bc5 4. c3 Nf6 5. d3 d6 6. O-O h6 7. Nbd2 O-O 8.
Re1 Ng4 9. Nf1 Bxf2+ 10. Kh1 Bxe1 11. Qxe1 a6 12. h3 Nf6 13. Ng3 b5 14. Bb3
Ne7 15. Qf2 Ng6 16. Nf5 Bxf5 17. exf5 Nf4 18. Bxf4 exf4 19. Nd2 Nh5 20. Bd5
Rb8 21. Ne4 c6 22. Bxc6 Qc8 23. Bd5 Qxf5 24. c4 bxc4 25. Bxc4 d5 26. Nd6
Qe5 27. Qf3 dxc4 28. Nxc4 Qg5 29. b3 Ng3+ 30. Kg1 Qc5+ 31. Kh2 Nh5 32. Rd1
Rbd8 33. a3 Qd5 34. Qxd5 Rxd5 35. b4 Rfd8 36. Nb2 a5 37. Kg1 axb4 38. axb4
Rb8 39. Kf2 Rxb4 { White resigns } 0-1

[Event "ICC tourney 2376 (15 3)"]
[Site "Internet Chess Club"]
[Date "2021.02.06"]
[Round "4"]
[White "prajit5803"]
[Black "abasilio5"]
[Result "0-1"]
[ICCResult "White checkmated"]
[WhiteElo "1240"]
[BlackElo "973"]
[Opening "Queen's pawn, Mason variation"]
[ECO "D00"]
[NIC "QP.08"]
[Time "15:15:41"]
[PlyCount "124"]
[TimeControl "900+3"]

1. d4 d5 2. Bf4 Nf6 3. e3 e6 4. a3 Bd6 5. Bg3 c5 6. c3 c4 7. Nd2 Qb6 8. Qc2
O-O 9. Ngf3 Nbd7 10. Be2 a5 11. O-O Bxg3 12. hxg3 h6 13. Rab1 Qd6 14. e4
Nxe4 15. Nxe4 dxe4 16. Qxe4 Nb6 17. Ne5 f5 18. Qe3 Qd5 19. Ng6 Rf7 20. Ne5
Rf6 21. Bf3 Qd6 22. Qe2 g5 23. Nxc4 Nxc4 24. Qxc4 g4 25. Be2 b6 26. Rbd1
Ba6 27. Qb3 Bxe2 28. Rfe1 Bxd1 29. Rxd1 a4 30. Qb5 Ra5 31. Qc4 b5 32. Qd3
Qd5 33. Qd2 e5 34. Re1 e4 35. c4 bxc4 36. Qb4 Raa6 37. Qb8+ Kg7 38. Qc7+
Qf7 39. Qf4 Rab6 40. Qd2 f4 41. Rxe4 fxg3 42. Rxg4+ Kh7 43. Rxg3 Rxf2 44.
Qxf2 Qxf2+ 45. Kxf2 Rxb2+ 46. Kg1 Rb3 47. Rg4 c3 48. d5 c2 49. Rc4 Rb1+ 50.
Kh2 c1=Q 51. Rxa4 Qc7+ 52. Kh3 Rh1+ 53. Kg4 Qd7+ 54. Kf3 Qxa4 55. d6 Qc6+
56. Kf2 Qxd6 57. a4 Qf4+ 58. Ke2 Rh2 59. Kd3 Rxg2 60. a5 Rg3+ 61. Ke2 Qe3+
62. Kf1 Rg1# { White checkmated } 0-1